 Dungeon Crawl Stone Soup version 0.29.0-13-gc9e81de378 (webtiles) character file.

Game seed: 18240943965331767146

190794 Quickbrownfox the Eclecticist (level 17, -1/113 HPs)
             Began as a Demonspawn Ice Elementalist on Sept 7, 2022.
             Was a High Priest of Vehumet.
             Slain by a four-headed hydra (4 damage)
             ... called by a spriggan druid
             ... on level 1 of the Swamp.
             The game lasted 01:39:32 (37612 turns).

Quickbrownfox the Eclecticist (DsIE)               Turns: 37612, Time: 01:39:32

Health: -1/113     AC: 20    Str:  4    XL:     17   Next: 55%
Magic:  45/45      EV: 14    Int: 25    God:    Vehumet [*****.]
Gold:   288        SH:  5    Dex: 15    Spells: 3/46 levels left

rFire   + + +      SeeInvis .   T - +0 short sword "Nugryrorph" {venom, rC+ rCorr}
rCold   + . .      Faith    .   i - +1 buckler of Lust {+Inv rF+++ Str-5 Stlth-}
rNeg    + + .      Spirit   .   j - +2 robe "Tugh" {Rampage rPois}
rPois   +          Reflect  .   V - +2 helmet of Ru's Generosity {rPois rF+ rC+}
rElec   .          Harm     .   c - +0 cloak
rCorr   +          Rampage  +   (gloves unavailable)
Will    ++++.      Clarity  +   X - +1 pair of boots
Stlth   +++++++...              q - amulet of the Four Winds {rN+ Will+++ Clar}
HPRegen 0.28/turn               E - ring of Paisch Waann {Fire rPois rN+ Int+2 Stlth+}
MPRegen 0.29/turn               t - ring of Gyaleohu {rCorr MP+9 Stlth+}

@: sanguine armoured, slightly contaminated
A: demonic guardian 1, sanguine armour 2, demonic magic 2, corrupting presence
2, demonic touch 3
}: 1/15 runes: serpentine
a: Renounce Religion, Evoke Invisibility


You were on level 1 of the Swamp.
You worshipped Vehumet.
Vehumet was extremely pleased with you.
You visited 6 branches of the dungeon, and saw 28 of its levels.
You also visited: Volcano.

You collected 2967 gold pieces.
You spent 2679 gold pieces at shops.

Inventory:

Hand Weapons
 e - a +1 quarterstaff
 o - the +9 quick blade of a volcano {protect, Will+ Int+4 Dex+6}
   (You acquired it on level 4 of the Dungeon)

   It grants its wielder temporary protection when it strikes (+7 to AC).
   Int:       It affects your intelligence (+4).
   Dex:       It affects your dexterity (+6).
   Will:      It increases your willpower.
 O - the +8 mace of Kissumn {vorpal, rC+}
   (You found it on level 11 of the Dungeon)

   It inflicts extra damage upon your enemies.
   rC:        It protects you from cold.
 T - the +0 short sword "Nugryrorph" (weapon) {venom, rC+ rCorr}
   (You found it on level 3 of the Lair of Beasts)

   It poisons the flesh of those it strikes.
   rC:        It protects you from cold.
   rCorr:     It protects you from acid and corrosion.
Missiles
 g - 5 throwing nets
Armour
 a - a +2 scale mail of fire resistance
 c - a +0 cloak (worn)
 h - +1 shadow dragon scales
 i - the +1 buckler of Lust (worn) {+Inv rF+++ Str-5 Stlth-}
   (You found it on level 2 of the Dungeon)

   Str:       It affects your strength (-5).
   rF:        It renders you almost immune to fire.
   +Inv:      It lets you turn invisible.
   Stlth:     It makes you less stealthy.
 j - the +2 robe "Tugh" (worn) {Rampage rPois}
   (You bought it in a shop on level 2 of the Orcish Mines)

   rPois:     It protects you from poison.
   Rampage:   It bestows one free step when moving towards enemies.
 V - the +2 helmet of Ru's Generosity (worn) {rPois rF+ rC+}
   (You acquired it on level 12 of the Dungeon)

   rF:        It protects you from fire.
   rC:        It protects you from cold.
   rPois:     It protects you from poison.
 X - a +1 pair of boots (worn)
 Z - a +2 robe of cold resistance
Jewellery
 k - a ring of protection from fire
 l - a +6 ring of intelligence
 p - a +4 ring of evasion
 q - the amulet of the Four Winds (around neck) {rN+ Will+++ Clar}
   (You found it on level 14 of the Dungeon)

   [amulet of nothing]

   rN:        It protects you from negative energy.
   Clar:      It protects you against confusion.
   Will:      It greatly increases your willpower.
 r - a +4 ring of slaying
 t - the ring of Gyaleohu (right hand) {rCorr MP+9 Stlth+}
   (You found it on level 15 of the Dungeon)

   [ring of magical power]

   MP:        It affects your magic capacity (+9).
   rCorr:     It protects you from acid and corrosion.
   Stlth:     It makes you more stealthy.
 E - the ring of Paisch Waann (left hand) {Fire rPois rN+ Int+2 Stlth+}
   (You found it on level 7 of the Dungeon)

   [ring of fire]

   It enhances your fire magic.
   Int:       It affects your intelligence (+2).
   rF:        It protects you from fire.
   rC:        It makes you vulnerable to cold.
   rPois:     It protects you from poison.
   rN:        It protects you from negative energy.
   Stlth:     It makes you more stealthy.
 J - a +4 ring of slaying
Wands
 u - a wand of mindburst (2)
 G - a wand of acid (22)
 I - a wand of flame (9)
 R - a wand of digging (5)
 Y - a wand of paralysis (23)
Scrolls
 f - 6 scrolls of fog
 s - 12 scrolls of teleportation
 v - a scroll of immolation
 w - 2 scrolls of magic mapping
 x - a scroll of summoning
 y - 4 scrolls of enchant weapon
 C - 4 scrolls of fear
 D - a scroll of identify
 H - 4 scrolls of poison
 Q - 3 scrolls of amnesia
 U - 2 scrolls of blinking
Potions
 b - 4 potions of magic
 d - 4 potions of heal wounds
 m - a potion of ambrosia
 n - 4 potions of might
 z - 8 potions of curing
 A - 4 potions of cancellation
 B - 2 potions of brilliance
 F - 2 potions of berserk rage
 K - 2 potions of flight
 L - 5 potions of lignification
 M - 6 potions of haste
 P - a potion of invisibility
 W - a potion of mutation


   Skills:
 + Level 4.7 Fighting
 + Level 6.0 Short Blades
 + Level 1.7 Staves
 * Level 6.8 Armour
 + Level 6.4 Dodging
 + Level 14.9 Stealth
 + Level 1.3 Shields
 + Level 15.4 Spellcasting
 + Level 10.6 Conjurations
 + Level 0.9 Transmutations
 + Level 1.5 Fire Magic
 + Level 14.4 Ice Magic
 + Level 0.4 Air Magic
 + Level 8.7 Evocations


You had 3 spell levels left.
You knew the following spells:

 Your Spells              Type           Power      Damage    Failure   Level
a - Freeze                Ice            100%       1d11      0%          1
b - Frozen Ramparts       Ice            100%       1d16      1%          3
c - Ozocubu's Armour      Ice            74%        N/A       1%          3
d - Hailstorm             Conj/Ice       70%        3d15      1%          4
e - Airstrike             Air            10%        2d(2-18)  9%          4
f - Irradiate             Conj/Tmut      24%        3d19      2%          5
g - Sticky Flame          Conj/Fire      65%        2d8       1%          4
h - Ozocubu's Refrigerat  Ice            37%        4d15      2%          7
i - Ignite Poison         Fire/Tmut/Pois 34%        N/A       2%          3
j - Polar Vortex          Ice            37%        N/A       91%         9

Your spell library contained the following spells:

 Spells                   Type           Power      Damage    Failure   Level
 Spellforged Servitor     Conj/Summ      22%        N/A       63%         7
 Shock                    Conj/Air       100%       1d9       1%          1
 Ensorcelled Hibernation  Hex/Ice        100%       N/A       1%          2
 Static Discharge         Conj/Air       47%        3-9/arc   1%          2
 Conjure Flame            Conj/Fire      65%        6-21      1%          3
 Dazzling Flash           Conj/Hex       90%        N/A       1%          3
 Beastly Appendage        Tmut           46%        N/A       2%          1
 Summon Small Mammal      Summ           76%        N/A       3%          1
 Wereblood                Tmut           23%        N/A       3%          2
 Passwall                 Tmut/Erth      17%        N/A       4%          2
 Blink                    Tloc           38%        N/A       5%          2
 Swiftness                Air            21%        N/A       9%          3
 Spider Form              Tmut/Pois      21%        N/A       10%         3
 Call Canine Familiar     Summ           19%        N/A       11%         3
 Lesser Beckoning         Tloc           19%        N/A       11%         3
 Summon Guardian Golem    Hex/Summ       19%        N/A       11%         3
 Iskenderun's Mystic Bla  Conj/Tloc      45%        2d10      1%          4
 Lightning Bolt           Conj/Air       23%        1d39      3%          5
 Metabolic Englaciation   Hex/Ice        26%        N/A       5%          5
 Starburst                Conj/Fire      32%        6d10      13%         6
 Simulacrum               Ice/Necr       26%        N/A       30%         6
 Summon Lightning Spire   Summ/Air       20%        N/A       32%         4
 Animate Dead             Necr           19%        N/A       36%         4
 Dispel Undead            Necr           19%        3d11      36%         4
 Blade Hands              Tmut           11%        N/A       56%         5
 Manifold Assault         Tloc           19%        N/A       71%         5
 Dragon Form              Tmut           11%        N/A       100%        7
 Haunt                    Necr/Summ      9%         N/A       100%        7
 Ignition                 Fire           20%        3d7       100%        8
 Infestation              Necr           9%         N/A       100%        8


Dungeon Overview and Level Annotations

Branches:
Dungeon (15/15)            Temple (1/1) D:6            Lair (5/5) D:8
  Swamp (1/4) Lair:3        Snake (4/4) Lair:2        Slime (0/5) Lair:5
    Orc (2/2) D:12            Elf (0/3) Orc:2        Vaults (0/5) D:13
Volcano (visited)
 Depths: D:15

Altars:
Ashenzari
Cheibriados
Fedhas
Gozag
Hepliaklqana
Kikubaaqudgha
Makhleb
Nemelex Xobeh
Okawaru
Qazlal
Ru
Sif Muna
Trog
Vehumet
Wu Jian
Xom
Yredelemnul
Jiyva

Shops:
D:2 [   D:7 *   Orc:2 [![[(   Snake:1 *=***[   Snake:4 [

Annotations:
D:9 3 runed translucent doors, borntocrawl's ghost, novice MiGl
D:11 2 runed translucent doors, Zeus21348's ghost, journeyman HOMo


Innate Abilities, Weirdness & Mutations

A weak demonic guardian rushes to your aid.
When seriously injured, your blood forms thick armour. (AC +9)
Spells you cast may paralyse nearby enemies.
Your presence sometimes corrodes or deforms those you injure.
Your touch may irresistibly damage your foes and sap their willpower.


Message History

The seven-headed hydra twists and deforms.
You are very lightly contaminated with residual magic.
Malevolent energies surge around you.
The seven-headed hydra suddenly stops moving!
A swamp worm comes into view.
The bunyip claws you! x2; Your blood congeals into armour.
The bunyip claws you!!
Casting: Irradiate (dangerous; 2% risk of failure)
Confirm with . or Enter, or press ? or * to list all spells.
You erupt in a fountain of uncontrolled magic!
The swamp worm is blasted with magical radiation!!
You kill the swamp worm!
Vehumet accepts your kill.
You feel your power returning.
The bunyip is blasted with magical radiation!!
You kill the bunyip!
Vehumet accepts your kill.
You feel your power returning.
The seven-headed hydra is blasted with magical radiation!!
You kill the seven-headed hydra!
Vehumet accepts your kill.
You feel your power returning.
You are lightly contaminated with residual magic.
Malevolent energies surge around you.
The four-headed hydra suddenly stops moving!
The bunyip completely misses you. The bunyip claws you!!
* * * LOW HITPOINT WARNING * * *
A demonic guardian appears!
The bunyip claws you!
* * * LOW HITPOINT WARNING * * *
Blink to where?
Press: ? - help, Dir - move target A vampire mosquito comes into view.
As you read the scroll of blinking, it crumbles to dust.
The vampire mosquito buzzes angrily.
You hear an angry buzzing noise.
A goliath frog comes into view.
You can't go down here!
The four-headed hydra is no longer paralysed.
The four-headed hydra bites you but does no damage.
The four-headed hydra bites you.
You die...

♣.~.~.♣~~♣ ..§..
♣~~~~~~~.~ .♣~.♣♣
♣...~~~.♣♣.~...♣♣
♣♣)§.~~.~...~....
♣..>....♣~......♣
♣..~†♣†~§.......
♣.~~♣4~.~§~§?...
♣.~§~~x~i~...~...
♣♣.~~~..D@...~.~.
♣♣§..~~.♣...F~.~
♣§~§~~.†w~.♣~~~
♣~.~~~..~§.♣ ~.
♣.§~.~♣y~~♣.♣
♣♣...~~~§~~..
♣♣.....!~~~.~
♣♣.~~.~~~~~..


You could see a bunyip (ally target), a four-headed hydra, a spriggan druid, a
goliath frog, a swamp worm, a vampire mosquito and a friendly rust devil
(summoned).

Vanquished Creatures
  Saint Roka (Snake:3)
  Jorgrun (Orc:1)
  Frances (D:13)
  5 nagarajas (Snake:4)
  An orc warlord (Orc:2)
  An eleionoma (Lair:3)
  Azrael (Orc:2)
  A bunyip (Swamp:1)
  An ettin (Orc:2)
  A yaktaur captain (D:15)
  Josephine (Lair:5)
  2 fire dragons
  A vault guard (D:15)
  14 hydras
  An ogre mage (D:13)
  2 salamander tyrants (Snake:4)
  12 anacondas
  A death knight (D:15)
  4 centaur warriors
  8 two-headed ogres
  4 boulder beetles
  2 catoblepae (Lair:5)
  18 naga warriors
  A deep troll shaman (Lair:5)
  A hell hog (Volcano)
  4 orc high priests
  Urug (Orc:1)
  6 death yaks (Lair:5)
  12 naga sharpshooters
  4 shock serpents
  A skeletal warrior (D:15)
  7 salamander mystics
  4 sea snakes (Snake:1)
  4 naga ritualists
  Pikel (D:4)
  A necromancer (D:13)
  A lindwurm (Lair:5)
  An orc knight (Orc:2)
  A wizard (D:15)
  9 mana vipers
  An oklob plant (Lair:5)
  3 deep elf pyromancers
  A deep elf zephyrmancer (D:15)
  18 salamanders
  3 cyclopes
  2 ugly things
  A manticore (D:12)
  5 orc sorcerers (Orc:2)
  Maurice (D:13)
  8 elephants
  6 guardian serpents
  26 naga magi
  31 black mambas
  A torpor snail (Lair:5)
  2 molten gargoyles (Volcano)
  A cane toad (shapeshifter) (D:15)
  An efreet (D:14)
  12 cane toads
  12 komodo dragons
  Maggie (D:6)
  3 rime drakes
  10 trolls
  4 polar bears
  A troll (shapeshifter) (D:15)
  Grinder (D:4)
  2 hornets
  20 blink frogs
  11 dream sheep
  12 slime creatures
  A spriggan (shapeshifter) (D:15)
  A vampire (D:13)
  A water elemental (D:13)
  9 fire bats (Volcano)
  6 wraiths
  31 yaks
  6 wyverns
  3 hogs (D:12)
  A golden eye (shapeshifter) (D:14)
  3 basilisks
  15 vampire mosquitoes
  A steam dragon (D:10)
  2 humans (D:7)
  6 wargs
  4 acid dragons
  54 nagas
  A floating eye (D:15)
  5 swamp worms
  16 water moccasins
  6 hell hounds
  34 orc warriors
  An ice beast (D:5)
  8 black bears
  2 sky beasts
  6 ogres
  3 boggarts (D:13)
  3 lemures (D:4)
  15 centaurs
  24 wolves
  A kobold brigand (D:8)
  Blork the orc (D:6)
  9 bullfrogs
  2 necrophages
  2 scorpions
  16 wights
  5 killer bees (D:10)
  A vampire bat (D:12)
  4 electric eels
  10 howler monkeys
  4 lava snakes (Volcano)
  5 hounds
  2 gnoll boudas
  24 orc priests
  Jessica (D:3)
  12 hell rats (Lair:3)
  4 iguanas
  27 orc wizards
  Robin (D:4)
  6 adders
  12 gnolls
  4 river rats (D:6)
  A shadow imp (D:7)
  4 white imps
  An ufetubus (D:7)
  4 worms
  110 orcs
  5 endoplasms
  2 giant cockroaches
  11 goblins (D:4)
  14 hobgoblins
  3 jackals (D:5)
  10 kobolds
  2 quokkas
  3 ball pythons
  10 bats
  5 frilled lizards
  3 rats
952 creatures vanquished.

Vanquished Creatures (collateral kills)
  Aizul (Snake:2)
  An anaconda (Snake:2)
  A naga warrior (Snake:2)
  A black mamba (Snake:2)
  A naga (Snake:2)
5 creatures vanquished.

Vanquished Creatures (others)
  Nikola (Snake:2)
  A bloated husk (Swamp:1)
  A vampire mosquito (Swamp:1)
  28 fungi
  38 plants
69 creatures vanquished.

Grand Total: 1026 creatures vanquished

Notes
Turn   | Place    | Note
-------+----------+-------------------------------------------
     0 | D:1      | Quickbrownfox the Demonspawn Ice Elementalist began the
                  | quest for the Orb.
     0 | D:1      | Reached XP level 1. HP: 13/13 MP: 3/3
   766 | D:1      | Gained mutation: Your touch may inflict minor irresistible
                  | damage on your foes. [demonic ancestry]
   766 | D:1      | Reached XP level 2. HP: 8/19 MP: 1/5
  1273 | D:2      | Found Gatiurphy's Armour Shop.
  1284 | D:2      | Identified the +1 buckler of Lust {+Inv rF+++ Str-5 Stlth-}
  1751 | D:2      | Gained mutation: When seriously injured, your blood forms
                  | armour. (AC +9) [demonic ancestry]
  1751 | D:2      | Reached XP level 3. HP: 24/24 MP: 4/6
  1755 | D:2      | Learned a level 3 spell: Frozen Ramparts
  2364 | D:3      | Noticed Jessica
  2368 | D:3      | Killed Jessica
  2369 | D:3      | Reached XP level 4. HP: 26/30 MP: 4/7
  2448 | D:3      | Reached skill level 1 in Evocations
  2581 | D:3      | Found a bloodstained altar of Trog.
  3237 | D:3      | Learned a level 3 spell: Ozocubu's Armour
  3305 | D:4      | Reached XP level 5. HP: 20/35 MP: 4/8
  3718 | D:4      | Identified the +4 rapier of Dunytal {antimagic, Str+3 Dex-4
                  | Stlth+}
  3763 | D:4      | Noticed a lemure
  3763 | D:4      | Noticed a lemure
  3763 | D:4      | Noticed a lemure
  3764 | D:4      | Noticed a lemure
  3764 | D:4      | Noticed Pikel
  3772 | D:4      | Killed a lemure
  3773 | D:4      | Killed a lemure
  3779 | D:4      | Killed a lemure
  3781 | D:4      | Killed Pikel
  3782 | D:4      | Reached skill level 1 in Fighting
  3782 | D:4      | Reached skill level 1 in Staves
  3782 | D:4      | Reached skill level 3 in Spellcasting
  3782 | D:4      | Reached skill level 5 in Ice Magic
  3782 | D:4      | Gained mutation: Spells you cast may paralyse adjacent
                  | enemies. [demonic ancestry]
  3782 | D:4      | Reached XP level 6. HP: 15/43 MP: 0/11
  3782 | D:4      | Gained mutation: Spells you cast may paralyse nearby
                  | enemies. [demonic ancestry]
  3782 | D:4      | Reached XP level 7. HP: 17/48 MP: 0/12
  4176 | D:4      | Noticed Robin
  4187 | D:4      | Killed Robin
  4331 | D:4      | Noticed Grinder
  4363 | D:4      | Killed Grinder
  4364 | D:4      | Reached skill level 1 in Short Blades
  4462 | D:4      | Identified a scroll of acquirement
  4462 | D:4      | Acquired the +9 quick blade of a volcano {protect, Will+
                  | Int+4 Dex+6}
  4554 | D:5      | Entered Level 5 of the Dungeon
  4615 | D:5      | Reached skill level 4 in Spellcasting
  4615 | D:5      | Gained mutation: Your touch may inflict irresistible damage
                  | on your foes. [demonic ancestry]
  4615 | D:5      | Reached XP level 8. HP: 54/54 MP: 9/14
  4961 | D:5      | Reached skill level 5 in Stealth
  5778 | D:5      | Learned a level 4 spell: Hailstorm
  5931 | D:6      | Reached skill level 5 in Evocations
  6074 | D:6      | Noticed Blork the orc
  6083 | D:6      | Killed Blork the orc
  6089 | D:6      | Reached XP level 9. HP: 59/59 MP: 10/16
  6094 | D:6      | Learned a level 4 spell: Airstrike
  6194 | D:6      | Noticed Maggie
  6200 | D:6      | Killed Maggie
  6201 | D:6      | Reached skill level 5 in Spellcasting
  6271 | D:6      | Found a staircase to the Ecumenical Temple.
  6279 | Temple   | Entered the Ecumenical Temple
  6288 | Temple   | Became a worshipper of Vehumet
  6432 | D:6      | Found a sacrificial altar of Ru.
  6935 | D:7      | Found Zin's Purification Station.
  7301 | D:7      | Identified the ring of Paisch Waann {Fire rPois rN+ Int+2
                  | Stlth+}
  7406 | D:7      | Found an iron altar of Okawaru.
  7419 | D:7      | Reached skill level 6 in Spellcasting
  7530 | D:7      | Reached * piety under Vehumet
  7530 | D:7      | Offered knowledge of Magic Dart by Vehumet.
  7705 | D:8      | Found a staircase to the Lair.
  7779 | D:8      | Found a broken altar of Ashenzari.
  7787 | D:8      | Found a blossoming altar of Fedhas.
  7787 | D:8      | Found an iron altar of Okawaru.
  7789 | D:8      | Found a shimmering altar of Xom.
  7789 | D:8      | Found a sacrificial altar of Ru.
  7807 | D:8      | Found a basalt altar of Yredelemnul.
  7807 | D:8      | Found a hazy altar of Hepliaklqana.
  8018 | D:8      | Gained mutation: When seriously injured, your blood forms
                  | thick armour. (AC +9) [demonic ancestry]
  8018 | D:8      | Reached XP level 10. HP: 67/67 MP: 19/19
  8557 | D:9      | Noticed a two-headed ogre
  8561 | D:9      | Killed a two-headed ogre
  8670 | D:9      | Paralysed by a hornet for 3 turns
  9136 | D:9      | Reached ** piety under Vehumet
  9136 | D:9      | Offered knowledge of Scorch by Vehumet.
  9401 | D:9      | Found a runed translucent gate.
  9402 | D:9      | Found a runed translucent gate.
  9403 | D:9      | Found an opulent altar of Gozag.
  9403 | D:9      | Found a runed translucent gate.
  9408 | D:9      | Noticed a centaur warrior
  9410 | D:9      | Noticed borntocrawl's ghost (novice MiGl)
  9496 | D:9      | Found an ancient bone altar of Kikubaaqudgha.
  9624 | D:10     | Entered Level 10 of the Dungeon
  9799 | D:10     | Noticed a two-headed ogre
  9808 | D:10     | Killed a two-headed ogre
  9809 | D:10     | Reached skill level 7 in Spellcasting
 10104 | D:10     | Gained mutation: Your touch may irresistibly damage your
                  | foes and sap their willpower. [demonic ancestry]
 10104 | D:10     | Reached XP level 11. HP: 55/72 MP: 16/21
 10419 | D:11     | Noticed a red ugly thing
 10426 | D:11     | Killed a red ugly thing
 10570 | D:11     | Noticed a boulder beetle
 10611 | D:11     | Noticed an eight-headed hydra
 10626 | D:11     | Noticed a two-headed ogre
 10628 | D:11     | Offered knowledge of Searing Ray by Vehumet.
 10795 | D:11     | Killed a two-headed ogre
 10829 | D:11     | Killed a boulder beetle
 10970 | D:11     | Identified the +8 mace of Kissumn {vorpal, rC+}
 11042 | D:11     | Killed an eight-headed hydra
 11117 | D:11     | Noticed Zeus21348's ghost (journeyman HOMo)
 11118 | D:11     | Noticed a lich
 11119 | D:11     | Noticed a necromancer
 11119 | D:11     | Noticed a storm dragon
 11178 | D:11     | Found a runed translucent door.
 11193 | D:11     | Reached skill level 10 in Stealth
 11203 | D:11     | Learned a level 5 spell: Irradiate
 11220 | D:11     | Reached skill level 8 in Spellcasting
 11393 | D:11     | Found a runed translucent door.
 11395 | D:11     | Noticed an ogre mage
 11431 | D:11     | Reached *** piety under Vehumet
 11553 | D:11     | Noticed a lindwurm
 11676 | Lair:1   | Entered Level 1 of the Lair of Beasts
 11676 | Lair:1   | Noticed a four-headed hydra
 11679 | Lair:1   | Killed a four-headed hydra
 11680 | Lair:1   | Reached skill level 1 in Conjurations
 11872 | Lair:1   | Noticed a six-headed hydra
 11877 | Lair:1   | Killed a six-headed hydra
 11878 | Lair:1   | Reached XP level 12. HP: 37/80 MP: 16/24
 11890 | Lair:1   | Found a dark tunnel.
 11901 | Volcano  | Entered a volcano
 12187 | Volcano  | Found a burning altar of Makhleb.
 12187 | Volcano  | Noticed a hell hog
 12197 | Volcano  | Killed a hell hog
 12201 | Volcano  | Offered knowledge of Inner Flame by Vehumet.
 12418 | Volcano  | Noticed a fire dragon
 12429 | Volcano  | Killed a fire dragon
 12960 | Lair:1   | Noticed a six-headed hydra
 12979 | Lair:1   | Killed a six-headed hydra
 13365 | Lair:2   | Reached skill level 9 in Spellcasting
 13517 | Lair:2   | Found a staircase to the Snake Pit.
 13522 | Lair:2   | Reached **** piety under Vehumet
 13751 | Lair:2   | Offered knowledge of Iskenderun's Mystic Blast by Vehumet.
 14562 | Lair:3   | Reached skill level 5 in Conjurations
 14573 | Lair:3   | Reached XP level 13. HP: 72/87 MP: 26/26
 14873 | Lair:3   | Identified the +0 short sword "Nugryrorph" {venom, rC+
                  | rCorr}
 15333 | Lair:3   | Reached ***** piety under Vehumet
 15662 | Lair:3   | Found a staircase to the Swamp.
 16005 | Lair:3   | Reached skill level 10 in Ice Magic
 16182 | Lair:4   | Offered knowledge of Freezing Cloud by Vehumet.
 16854 | Lair:4   | Reached skill level 5 in Short Blades
 17594 | Lair:5   | Entered Level 5 of the Lair of Beasts
 17613 | Lair:4   | Reached skill level 10 in Spellcasting
 17786 | Lair:4   | Learned a level 4 spell: Sticky Flame
 18038 | Lair:5   | Reached skill level 5 in Dodging
 18177 | Lair:5   | Found a viscous altar of Jiyva.
 18177 | Lair:5   | Found a staircase to the Slime Pits.
 19051 | Lair:5   | Gained mutation: Your presence sometimes corrodes those you
                  | injure. [demonic ancestry]
 19051 | Lair:5   | Reached XP level 14. HP: 75/95 MP: 19/28
 19338 | Lair:5   | Offered knowledge of Starburst by Vehumet.
 19676 | Lair:5   | Noticed Josephine
 19847 | Lair:5   | Killed Josephine
 19873 | Lair:5   | Reached skill level 11 in Spellcasting
 20731 | Lair:5   | Acquired the Tome of the Glacier and the Coals
 20741 | Lair:5   | Learned a level 7 spell: Ozocubu's Refrigeration
 21324 | D:12     | Found a staircase to the Orcish Mines.
 21556 | D:12     | Found a huge runed translucent gate.
 21557 | D:12     | Found a huge runed translucent gate.
 21557 | D:12     | Found a huge runed translucent gate.
 21557 | D:12     | Found a huge runed translucent gate.
 22121 | D:12     | Offered knowledge of Orb of Destruction by Vehumet.
 22748 | D:12     | Acquired the +2 helmet of Ru's Generosity {rPois rF+ rC+}
 22889 | Orc:1    | Entered Level 1 of the Orcish Mines
 23438 | Orc:2    | Entered Level 2 of the Orcish Mines
 23618 | Orc:2    | Noticed Azrael
 23623 | Orc:2    | Killed Azrael
 23806 | Orc:2    | Offered knowledge of Iskenderun's Battlesphere by Vehumet.
 23810 | Orc:2    | Noticed an orc warlord
 23847 | Orc:1    | You fall into a shaft and drop 1 floor!
 24121 | Orc:1    | Noticed Urug
 24367 | Orc:1    | Noticed Jorgrun
 24368 | Orc:1    | Killed Urug
 24382 | Orc:1    | Killed Jorgrun
 24847 | Orc:2    | Found a runed translucent door.
 24852 | Orc:2    | Found Sohyifitz's Distillery.
 24855 | Orc:2    | Bought a potion of heal wounds for 70 gold pieces
 24897 | Orc:2    | Reached skill level 12 in Spellcasting
 24900 | Orc:2    | Killed an orc warlord
 25039 | Orc:2    | Gained mutation: A weak demonic guardian rushes to your
                  | aid. [demonic ancestry]
 25039 | Orc:2    | Reached XP level 15. HP: 91/101 MP: 13/31
 25117 | Orc:2    | Found Jatuc's Antique Armour Emporium.
 25213 | Orc:2    | Found Xieditt's Armour Boutique.
 25366 | Orc:2    | Found a staircase to the Elven Halls.
 25685 | Orc:2    | Found Bipuos's Antique Weapon Shop.
 25687 | Orc:2    | Found Ynnemacai's Antique Armour Boutique.
 25700 | Orc:2    | Bought an opalescent robe for 165 gold pieces
 25700 | Orc:2    | Identified the +2 robe "Tugh" {Rampage rPois} (You bought
                  | it in a shop on level 2 of the Orcish Mines)
 26709 | D:13     | Found a gate to the Vaults.
 26925 | D:13     | Noticed Frances
 26936 | D:13     | Killed Frances
 27139 | D:13     | Noticed Maurice
 27145 | D:13     | Killed Maurice
 27264 | D:13     | Offered knowledge of Fireball by Vehumet.
 27761 | D:14     | Reached skill level 10 in Conjurations
 27889 | D:14     | Found the amulet of the Four Winds {rN+ Will+++ Clar}
 27966 | D:14     | Found a shimmering blue altar of Sif Muna.
 28410 | D:15     | Entered Level 15 of the Dungeon
 28470 | D:15     | Identified the ring of Gyaleohu {rCorr MP+9 Stlth+}
 28603 | D:15     | Reached skill level 13 in Spellcasting
 28981 | Orc:2    | Bought runed shadow dragon scales for 2407 gold pieces
 29237 | Snake:1  | Entered Level 1 of the Snake Pit
 29240 | Snake:1  | Reached skill level 1 in Fire Magic
 29529 | Snake:1  | Reached skill level 1 in Armour
 29653 | Snake:1  | Found Rauzioj's Jewellery Shoppe.
 29701 | Snake:1  | Found Bunnes's General Store.
 29702 | Snake:1  | Found Qoitriud's Assorted Antiques.
 29702 | Snake:1  | Found Luplicio's General Store.
 29703 | Snake:1  | Found Jomysk's General Store.
 29703 | Snake:1  | Found Yreantam's Antique Armour Shoppe.
 29707 | Snake:1  | Bought a scroll labelled KIN PAOJALAGAU for 37 gold pieces
 29877 | Snake:1  | Reached XP level 16. HP: 108/108 MP: 33/33
 30242 | Snake:1  | Offered knowledge of Yara's Violent Unravelling by Vehumet.
 31032 | Snake:2  | Identified the +1 long sword of Dissent {vorpal, rElec
                  | Str+2 Dex+3}
 31156 | Snake:2  | Noticed Nikola
 31172 | Snake:2  | Killed Nikola
 31533 | Snake:2  | Reached skill level 14 in Spellcasting
 32680 | Snake:2  | Noticed Aizul
 32722 | Snake:2  | Killed Aizul
 33345 | Snake:3  | Noticed Saint Roka
 33384 | Snake:3  | Killed Saint Roka
 33658 | Snake:3  | Found a shimmering blue altar of Sif Muna.
 34134 | Snake:4  | Entered Level 4 of the Snake Pit
 34559 | Snake:4  | Offered knowledge of Spellforged Servitor by Vehumet.
 34571 | Snake:4  | Reached skill level 5 in Armour
 34581 | Snake:4  | Gained mutation: Your presence sometimes corrodes or
                  | deforms those you injure. [demonic ancestry]
 34581 | Snake:4  | Reached XP level 17. HP: 90/113 MP: 33/35
 35125 | Snake:4  | Reached skill level 15 in Spellcasting
 35391 | Snake:4  | Learned a level 3 spell: Ignite Poison
 35680 | Snake:4  | Got a serpentine rune of Zot
 36115 | Snake:4  | Reached skill level 1 in Shields
 36273 | Snake:4  | Found Bexylos's Antique Armour Shop.
 36727 | Snake:4  | Reached ****** piety under Vehumet
 37265 | Snake:4  | Learned a level 9 spell: Polar Vortex
 37447 | Swamp:1  | Entered Level 1 of the Swamp
 37610 | Swamp:1  | HP: 2/113 [bunyip[a spriggan druid] (16)]
 37612 | Swamp:1  | Slain by a four-headed hydra

Illustrated notes

Levels and vault maps discovered:
D:1:      dpeg_chamrin_arrival_tetris, layout_loops_corners
D:2:      layout_loops_ring, serial_shops, shop
D:3:      layout_rooms, mainiacjoe_overflow_small_starburst,
          serial_co_window_serial, co_window_corner_a, co_window_corner_a,
          co_window_corner_a, co_window_corner_a, co_window_corner_a,
          co_window_corner_b, co_window_broadway_c, co_window_paths_c,
          co_window_corner_b, glass_columns_b, glass_columns_a, glass_columns_a,
          glass_columns_a, glass_columns_b, uniq_jessica
D:4:      layout_gridville, uniq_robin, uniq_pikel, uniq_grinder
D:5:      layout_basic
D:6:      wad_woods_tower, layout_basic, mainiacjoe_overflow_brackets,
          minmay_temple_entry_enclosed_plants, kennysheep_nub, uniq_maggie,
          uniq_blork_the_orc
D:7:      layout_basic, okawaru_humans, zin_purify,
          chequers_serial_rivers_small_b
D:8:      layout_basic, doesnt_xom_only_xom, gammafunk_temple_overflow_wave,
          dpeg_oklobed_lair, minmay_misc_feat_x
D:9:      layout_roguey, mainiacjoe_overflow_tiny_flanked, ebering_ghost_gozag
D:10:     layout_roguey, kennysheep_little_box
D:11:     layout_long_grid, muffindrake_ghost_dual_entry,
          minmay_mirror_moons_of_madness
D:12:     lemuel_bear_cage, layout_layer_cave, erik_orc_3, roderic_batcave,
          nrook_guardian_serpent_double
D:13:     layout_basic, david_vaults_1, serial_glass, glass_columns_a,
          glass_columns_b, uniq_frances, uniq_maurice
D:14:     layout_loops_ring, lemuel_blue_sif_altar,
          eino_small_chamber_without_monster, chequers_arboretum
D:15:     hangedman_spin_cycle, uniq_rupert
Temple:   cyrus_circular_temple
Lair:1:   layout_big_grid, nicolae_volcano_entry_s_turn, serial_bayou_shore_b
Lair:2:   layout_misc_corridors, minmay_snake_entry_guardpost_small
Lair:3:   layout_hall_layers, palyth_hydra_swamp_entry,
          infiniplex_staircase_pool
Lair:4:   layout_loops_ring, grunt_megastairs_2, serial_bayou_shore_b
Lair:5:   grunt_lair_end_beastmaster, layout_gridlike,
          minmay_slime_entry_oklob_open, lemuel_fruit_fields, uniq_josephine
Swamp:1:  layout_falls_marsh, nicolae_swamp_trees_clearing
Snake:1:  cheibrodos_snake_ritualist_ritual, layout_gridlike,
          nicolae_snake_gridmaze_swirls, nicolae_wooded_promenade,
          nicolae_snake_springs, serial_bayou_shore_b
Snake:2:  layout_basic, nicolae_large_snake_swirl, grunt_megastairs_1,
          uniq_aizul, uniq_nikola
Snake:3:  layout_gridlike, serial_corexii_hall, corexii_hall_statues_i,
          corexii_hall_statues_i, basic_altar, uniq_saint_roka
Snake:4:  snake_pit, layout_chambers, minmay_shop_star
Orc:1:    layout_caves, uniq_urug, uniq_jorgrun
Orc:2:    grunt_orc_community_town_hall, layout_caves,
          grunt_orc_community_big_house_1, grunt_orc_community_big_house_2,
          grunt_orc_community_house_1, grunt_orc_community_house_1,
          grunt_orc_community_house_2, grunt_orc_community_house_3,
          grunt_orc_community_house_1, serial_shops, nicolae_shop_behind_doors,
          lightli_church_of_beogh, uniq_azrael

Skill      XL: |  1  2  3  4  5  6  7  8  9 10 11 12 13 14 15 16 17 |
---------------+----------------------------------------------------+-----
Dodging        | 2 3 4 5 6 |  6.4
Ice Magic      | 4 5 6 7 8 9 10 11 12 13 14 | 14.4
Stealth        | 2 3 4 6 7 8 10 11 12 13 14 | 14.9
Evocations     | 1 3 5 6 7 8 |  8.7
Fighting       | 1 2 3 4 |  4.7
Staves         | 1 |  1.7
Spellcasting   | 3 4 6 7 8 9 10 12 13 14 15 | 15.4
Short Blades   | 1 2 3 4 5 6 |  6.0
Conjurations   | 2 5 7 9 10 | 10.6
Fire Magic     | 1 |  1.5
Armour         | 2 5 6 |  6.8
Shields        | 1 |  1.3
Transmutations | |  0.9
Air Magic      | |  0.4

Action                   |  1- 3 |  4- 6 |  7- 9 | 10-12 | 13-15 | 16-18 || total
-------------------------+-------+-------+-------+-------+-------+-------++-------
Melee: Quarterstaff      |    52 |    22 |       |       |       |       ||    74
       Dagger            |       |    21 |    16 |       |       |       ||    37
       Touch             |       |     5 |    14 |    27 |    28 |       ||    74
       Punch             |       |     1 |     1 |       |     2 |       ||     4
       Quick blade       |       |       |   111 |   186 |   371 |   227 ||   895
       Short sword       |       |       |       |       |       |     8 ||     8
 Cast: Freeze            |    28 |    17 |    74 |   129 |   262 |    62 ||   572
       Frozen Ramparts   |     1 |     2 |     8 |    15 |    55 |    25 ||   106
       Ozocubu's Armour  |       |     1 |     7 |    15 |    45 |    18 ||    86
       Hailstorm         |       |       |       |    13 |    56 |    35 ||   104
       Irradiate         |       |       |       |     2 |     7 |     5 ||    14
       Sticky Flame      |       |       |       |       |    32 |    23 ||    55
       Ozocubu's Refrige |       |       |       |       |    50 |    62 ||   112
       Airstrike         |       |       |       |       |       |     3 ||     3
       Ignite Poison     |       |       |       |       |       |     2 ||     2
Evoke: Wand              |       |       |       |     2 |    15 |    13 ||    30
  Use: Scroll            |     4 |     2 |     6 |    11 |    10 |     6 ||    39
       Potion            |       |       |       |       |     2 |     7 ||     9
 Stab: Sleeping          |     2 |     4 |    14 |    24 |    50 |    15 ||   109
       Paralysed         |       |       |    48 |    87 |   129 |    32 ||   296
       Distracted        |       |       |     1 |     2 |     4 |     1 ||     8
       Petrified         |       |       |       |       |     2 |       ||     2
Armor: Robe              |    15 |    14 |    26 |       |    31 |    66 ||   152
       Steam dragon scal |       |       |     7 |    91 |   146 |       ||   244
Dodge: Dodged            |    52 |    35 |    54 |   151 |   424 |   126 ||   842
Block: Buckler           |       |       |       |       |    36 |    43 ||    79
